 Dungeon Crawl Stone Soup version 0.23-a0-422-g30b1108 (webtiles) character file.

1747 PlsDontHitMe the Chopper (level 9, 0/64 HPs)
             Began as a Formicid Abyssal Knight on Nov 14, 2018.
             Was an Elder of Lugonu.
             Slain by a killer bee (2 damage)
             ... on level 7 of the Dungeon.
             The game lasted 00:15:28 (7396 turns).

PlsDontHitMe the Chopper (Formicid Abyssal Knight)  Turns: 7396, Time: 00:15:28

Health: 0/64       AC: 14    Str: 17    XL:     9   Next: 26%
Magic:  13/13      EV:  7    Int: 12    God:    Lugonu [****..]
Gold:   413        SH:  0    Dex: 10    Spells: 8/8 levels left

rFire    . . .     SeeInvis +   K - +5 morningstar (curse)
rCold    . . .     Gourm    .   (no shield)
rNeg     . . .     Faith    .   m - +0 chain mail
rPois    .         Spirit   .   (helmet unavailable)
rElec    .         Reflect  .   (no cloak)
rCorr    .         Harm     .   z - +1 pair of gloves
MR       .....                  o - +0 pair of boots
Stlth    ..........             (no amulet)
HPRegen  0.20/turn              A - +1 ring of slaying
MPRegen  0.13/turn              O - -3 ring of strength (curse)

@: lethally poisoned (0 -> -9)
A: permanent stasis, dig shafts and tunnels, four strong arms, antennae 3
a: Dig, Shaft Self, Depart the Abyss, Bend Space, Banish, Corrupt, Renounce
Religion


You were on level 7 of the Dungeon.
You worshipped Lugonu.
Lugonu was greatly pleased with you.
You were hungry.

You visited 1 branch of the dungeon, and saw 7 of its levels.
You visited the Abyss 1 time.

You collected 413 gold pieces.

Inventory:

Hand Weapons
 a - a +1 hand axe
 s - a +1 spear of venom
 I - a +0 battleaxe
 J - a +4 flail
 K - a cursed +5 morningstar (weapon)
 L - a cursed +3 hand axe
Missiles
 i - 221 stones
 x - 3 tomahawks (quivered)
Armour
 b - a +0 leather armour
 m - a +0 chain mail (worn)
 o - a +0 pair of boots (worn)
 p - a +0 scale mail
 z - a +1 pair of gloves (worn)
Jewellery
 k - an uncursed ring of magical power
 y - an uncursed ring of protection from cold
 A - a +1 ring of slaying (left hand)
 O - a cursed -3 ring of strength (right hand)
Wands
 v - a wand of iceblast (7)
 w - a wand of digging (3)
Scrolls
 f - 3 scrolls of magic mapping
 l - 5 scrolls of remove curse
 n - a scroll of blinking {unknown}
 t - a scroll of immolation {unknown}
 B - 2 scrolls of enchant armour {unknown}
 E - a scroll of enchant weapon {unknown}
 H - 2 scrolls of fog
 N - a scroll of fear {unknown}
Potions
 g - a potion of might {unknown}
 h - a potion of flight {unknown}
 q - 2 potions of brilliance
 r - 4 potions of resistance
 u - a potion of ambrosia {unknown}
 C - a potion of mutation {unknown}
 D - 2 potions of curing
 F - a potion of invisibility
Comestibles
 c - 14 rations


   Skills:
 - Level 3.2 Fighting
 + Level 7.9 Axes
 - Level 0.5(4.9) Maces & Flails
 + Level 7.8 Armour
 - Level 0.8 Dodging
 * Level 5.9 Invocations


You had 8 spell levels left.
You didn't know any spells.
Your spell library was empty.

Dungeon Overview and Level Annotations

Branches:
Dungeon (7/15)             Temple (0/1) D:5

Altars:
Kikubaaqudgha
Trog
Vehumet
Wu Jian
Zin
The Shining One

Shops:
D:4 (


Innate Abilities, Weirdness & Mutations

You cannot be hasted, slowed, berserked, paralysed or teleported.
You can dig through walls and to a lower floor.
Your four strong arms can wield two-handed weapons with a shield.
You have a pair of large antennae on your head. (SInv)


Message History

The killer bee poisons you! The killer bee barely misses you.
You barely miss the killer bee.
The killer bee is almost dead.
* * * LOW HITPOINT WARNING * * *
You feel sick.
The killer bee stings you but does no damage.
The killer bee barely misses you. The killer bee stings you.
* * * LOW HITPOINT WARNING * * *
You are more poisoned.
The killer bee poisons you!
You closely miss the killer bee.
The killer bee is almost dead.
* * * LOW HITPOINT WARNING * * *
You feel sick. The killer bee closely misses you.
The killer bee stings you but does no damage.
You miss the killer bee.
The killer bee is almost dead.
* * * LOW HITPOINT WARNING * * *
You feel sick. The killer bee stings you.
You die...

$..#..# ##......##
.......## ###........#
........### ##..........#
..........###............#
......g..g.#.............#
.<.......#...............#
.....g..###...............#
.......## ###.............#
......# #@#.#...........
.....# ##y)###...... ....#
##.# ##..# ...# #.# # ..#
..# ... .y.. ..... y..###


You could see a killer bee.

Vanquished Creatures
  2 ice beasts (D:7)
  A black bear (D:6)
  An ogre (D:5)
  A big kobold (D:5)
  A bullfrog (D:7)
  A scorpion (D:6)
  2 killer bees (D:7)
  9 wights (D:6)
  3 vampire bats (D:6)
  2 crimson imps
  3 hounds
  An orc priest (D:7)
  An orc wizard (D:7)
  2 iguanas
  3 worker ants
  A killer bee zombie (D:7)
  A hound skeleton (D:4)
  7 gnolls
  7 adders
  3 adder skeletons
  A worm (D:2)
  2 dart slugs
  5 leopard geckos
  11 orcs
  3 bat skeletons (D:6)
  2 bat zombies (D:6)
  5 giant cockroaches
  9 goblins
  6 hobgoblins
  13 jackals
  4 quokkas
  A ball python (D:4)
  7 bats
  6 frilled lizards
  10 kobolds
  A quokka zombie (D:6)
  6 rats
144 creatures vanquished.

Vanquished Creatures (others)
  4 starspawn tentacles (Abyss:3)
4 creatures vanquished.

Grand Total: 148 creatures vanquished

Notes
Turn   | Place    | Note
-------+----------+-------------------------------------------
     0 | Abyss:1  | PlsDontHitMe the Formicid Abyssal Knight began the quest
                  | for the Orb.
     0 | Abyss:1  | Reached XP level 1. HP: 18/18 MP: 2/2
    63 | Abyss:2  | Found a corrupted altar of Lugonu.
   113 | Abyss:2  | Noticed a large abomination
   183 | Abyss:3  | Noticed a tentacled starspawn
   210 | Abyss:3  | Noticed a wretched star
   216 | Abyss:4  | Found a corrupted altar of Lugonu.
   225 | Abyss:4  | Noticed an angel
   235 | D:1      | Escaped the Abyss
   556 | D:1      | Reached XP level 2. HP: 16/24 MP: 3/3
   845 | D:1      | Reached * piety under Lugonu
  1059 | D:1      | Reached XP level 3. HP: 29/29 MP: 4/4
  2083 | D:2      | Found an ornate altar of the Wu Jian Council.
  2390 | D:2      | Reached XP level 4. HP: 35/35 MP: 5/5
  3522 | D:3      | Reached XP level 5. HP: 34/41 MP: 6/6
  3759 | D:3      | Reached ** piety under Lugonu
  3888 | D:3      | Found a glowing golden altar of the Shining One.
  4228 | D:3      | Found a glowing golden altar of the Shining One.
  4546 | D:4      | Reached XP level 6. HP: 38/47 MP: 7/7
  5069 | D:4      | Reached skill level 5 in Axes
  5227 | D:4      | Found Cuaxues's Antique Weapon Shop.
  5388 | D:5      | Entered Level 5 of the Dungeon
  5426 | D:5      | Noticed an ogre
  5446 | D:5      | Killed an ogre
  5454 | D:5      | Reached XP level 7. HP: 33/52 MP: 9/9
  5705 | D:5      | Found a radiant altar of Vehumet.
  5710 | D:5      | Reached skill level 5 in Armour
  5824 | D:5      | Reached *** piety under Lugonu
  5832 | D:5      | Found a staircase to the Ecumenical Temple.
  6138 | D:6      | Found an ancient bone altar of Kikubaaqudgha.
  6207 | D:6      | Reached XP level 8. HP: 53/58 MP: 9/11
  6814 | D:6      | Reached skill level 5 in Invocations
  6936 | D:6      | Found a glowing silver altar of Zin.
  7132 | D:7      | Reached XP level 9. HP: 63/64 MP: 12/12
  7199 | D:7      | Found a bloodstained altar of Trog.
  7360 | D:7      | HP: 2/64 [ice beast (13)]
  7364 | D:7      | Reached **** piety under Lugonu
  7395 | D:7      | HP: 3/64 [poisoned by a killer bee]
  7396 | D:7      | Slain by a killer bee

Vault maps used:
D:1:      dpeg_arrival_water_temple_mockup, moated_statue
D:2:      old_standard_altar
D:3:      marbit_many_paths, first_ration, tso_altar
D:4:      serial_shops, shop, hangedman_decor_clover_reticule,
          serial_bayou_crossing
D:5:      old_standard_altar, minmay_temple_entry_grid
D:6:      lemuel_coloured_pillars_altar, kennysheep_vampire_church,
          nicolae_sextant
D:7:      kennysheep_little_box, nemelex_xobeh_ov_fountains_minmay,
          nrook_loot_triangle
Abyss:3:  kilobyte_mutagenic_chamber, minivault_13
Abyss:4:  hangedman_stitches_earthworm, nicolae_abyss_rune_left_handed

Skill      XL: |  1  2  3  4  5  6  7  8 |
---------------+-------------------------+-----
Armour         | 3 4 6 7 |  7.8
Axes           | 3 4 5 6 7 |  7.9
Invocations    | 3 4 5 |  5.9
Fighting       | |  3.2
Maces & Flails | |  0.5
Dodging        | |  0.8

Action                   |  1- 3 |  4- 6 |  7- 9 || total
-------------------------+-------+-------+-------++-------
Melee: Hand axe          |   123 |    53 |    40 ||   216
       Spear             |       |   181 |    55 ||   236
       Morningstar       |       |       |   105 ||   105
       Battleaxe         |       |       |    33 ||    33
Throw: Tomahawk          |       |     2 |     5 ||     7
Invok: Depart the Abyss  |     1 |       |       ||     1
 Abil: Dig               |       |       |     1 ||     1
  Use: Scroll            |       |       |     9 ||     9
       Potion            |       |       |     2 ||     2
  Eat: Chunk             |     4 |    10 |     3 ||    17
       Ration            |       |       |     1 ||     1
Armor: Leather armour    |    31 |       |       ||    31
       Chain mail        |    15 |   114 |   244 ||   373
       Scale mail        |     8 |       |       ||     8
Dodge: Dodged            |    71 |    87 |   137 ||   295

Table legend:
 A = Non-vault XP
 B = Vault XP
 C = Vault XP percentage of total XP
 D = Non-vault monster count
 E = Vault monster count
 F = Vault count percentage of total count
                 A         B        C        D         E       F
            +---------+---------+-------+---------+---------+-------
      Total |    2319 |     178 |   7.1 |     135 |       9 |   6.2
            +---------+---------+-------+---------+---------+-------
        D:1 |      32 |       0 |   0.0 |      19 |       0 |   0.0
        D:2 |      49 |       0 |   0.0 |      18 |       0 |   0.0
        D:3 |     127 |       1 |   0.8 |      28 |       1 |   3.4
        D:4 |     177 |       0 |   0.0 |      24 |       0 |   0.0
        D:5 |     389 |       0 |   0.0 |      15 |       0 |   0.0
        D:6 |     824 |     177 |  17.7 |      15 |       8 |  34.8
        D:7 |     721 |       0 |   0.0 |      16 |       0 |   0.0
            +---------+---------+-------+---------+---------+-------
